 Dungeon Crawl Stone Soup version 0.22.1-1-ga44c0e56f4 (webtiles) character file.

247 D1HalberdGnoll the Cutter (level 6, 0/36 HPs)
             Began as a Kobold Enchanter on Oct 27, 2018.
             Slain by Grinder (6 damage)
             ... while paralysed by Grinder
             ... on level 3 of the Dungeon.
             The game lasted 00:10:19 (4590 turns).

D1HalberdGnoll the Cutter (Kobold Enchanter)        Turns: 4590, Time: 00:10:20

Health: 0/36       AC:  5    Str:  6    XL:     6   Next: 33%
Magic:  8/9        EV:  3    Int: 17    God:
Gold:   89         SH:  0    Dex: 16    Spells: 3/9 levels left

rFire    . . .     SeeInvis .   m - +2 dagger (speed)
rCold    . . .     Gourm    .   (shield restricted)
rNeg     . . .     Faith    .   q - +0 leather armour
rPois    .         Spirit   .   (no helmet)
rElec    .         Reflect  .   (no cloak)
rCorr    .         Harm     .   p - +0 pair of gloves
MR       .....                  a - +0 pair of boots
Stlth    +++.......             (no amulet)
HPRegen  0.12/turn              (no ring)
MPRegen  0.11/turn              (no ring)

@: paralysed, berserk cooldown, very slightly contaminated, slowed, invisible
A: small, carnivore
a: no special abilities


You were on level 3 of the Dungeon.
You were very full.

You visited 1 branch of the dungeon, and saw 3 of its levels.

You collected 89 gold pieces.

Inventory:

Hand Weapons
 m - a +2 dagger of speed (weapon)
Armour
 a - a +0 pair of boots (worn)
 p - a +0 pair of gloves (worn)
 q - a +0 leather armour (worn)
Scrolls
 c - 4 scrolls of identify {unknown}
 f - a scroll of enchant weapon {unknown}
 g - a scroll of immolation {unknown}
 h - 2 scrolls of teleportation {unknown}
 i - a scroll of fear {unknown}
 n - a scroll of magic mapping {unknown}
 o - a scroll of blinking {unknown}
Potions
 l - 2 potions of haste
Comestibles
 d - 5 rations


   Skills:
 + Level 2.7 Fighting
 * Level 5.1 Short Blades
 + Level 4.0 Dodging
 - Level 5.0 Stealth
 - Level 2.1 Spellcasting
 - Level 3.0 Hexes


You had 3 spell levels left.
You knew the following spells:

 Your Spells              Type           Power        Failure   Level  Hunger
a - Corona                Hex            ##.....      9%          1    #......
b - Ensorcelled Hibernat  Hex/Ice        #.....       24%         2    ###....
c - Tukima's Dance        Hex            ##......     26%         3    ###....

Your spell library contained the following spells:

 Spells                   Type           Power        Failure   Level  Hunger
 Confuse                  Hex            ##......     26%         3    ###....
 Dazzling Spray           Conj/Hex       #.....       43%         3    ###....


Dungeon Overview and Level Annotations

Branches:
Dungeon (3/15)

Altars:
Gozag
Ru

Annotations:
D:1 exclusion: downstairs
D:3 Grinder


Innate Abilities, Weirdness & Mutations

You are small and have problems with some larger weapons.
You are carnivorous and can eat meat at any time.


Message History

You hit Grinder.
Grinder is heavily wounded.
Grinder hits you but does no damage.
You hit Grinder but do no damage.
Grinder is heavily wounded.
Grinder closely misses you.
You barely miss Grinder.
Grinder is heavily wounded.
Grinder rolls her eyes.
Grinder misses you.
You hit Grinder.
Grinder is heavily wounded.
Grinder gestures at you.
You suddenly lose the ability to move!
Grinder hits you.
* * * LOW HITPOINT WARNING * * *
Grinder hits you!
* * * LOW HITPOINT WARNING * * *
You writhe in agony.
You die...

######### #.......#
#.#####.#
#######.#####.#
...........##.# ###
#.......##<##.####.##
#.##..#.# #....5@...###
#.....#.......#.......#
#..##.#.#######.##.##.#
......#.# #.##.# #
........# #.##...)#
##†##.#########.#####.#
....#.##.....##.. #
.##.#.##...[.####
......##.....#


You could see Grinder.

Vanquished Creatures
  A sky beast (D:3)
  An orc wizard (D:2)
  5 adders
  An ooze (D:1)
  A dart slug (D:1)
  2 leopard geckos (D:1)
  An orc (D:3)
  9 bats
  7 giant cockroaches
  8 goblins
  8 hobgoblins
  9 jackals
  5 kobolds
  2 quokkas (D:2)
  3 frilled lizards
  8 rats
71 creatures vanquished.

Notes
Turn   | Place    | Note
-------+----------+-------------------------------------------
     0 | D:1      | D1HalberdGnoll the Kobold Enchanter began the quest for the
                  | Orb.
     0 | D:1      | Reached XP level 1. HP: 10/10 MP: 3/3
   629 | D:1      | Reached XP level 2. HP: 9/16 MP: 1/5
  1035 | D:1      | Learned a level 2 spell: Ensorcelled Hibernation
  1272 | D:1      | Reached XP level 3. HP: 3/20 MP: 0/6
  1274 | D:1      | Reached skill level 1 in Fighting
  1576 | D:1      | Learned a level 3 spell: Tukima's Dance
  2526 | D:2      | Reached XP level 4. HP: 25/25 MP: 4/7
  2531 | D:2      | Found a sacrificial altar of Ru.
  2756 | D:2      | HP: 1/25 [orc wizard/dagger of speed (1)]
  2776 | D:2      | HP: 1/25 [orc wizard/dagger of speed (4)]
  3202 | D:2      | Reached XP level 5. HP: 30/30 MP: 5/8
  3266 | D:2      | Reached skill level 5 in Stealth
  4171 | D:3      | Found an opulent altar of Gozag.
  4212 | D:3      | Noticed a sky beast
  4252 | D:3      | Killed a sky beast
  4252 | D:3      | Reached skill level 5 in Short Blades
  4252 | D:3      | Reached XP level 6. HP: 12/36 MP: 5/9
  4560 | D:3      | Noticed Grinder
  4588 | D:3      | Paralysed by Grinder for 3 turns
  4590 | D:3      | Slain by Grinder

Skill      XL: |  1  2  3  4  5 |
---------------+----------------+-----
Short Blades   | 2 3 5 |  5.1
Fighting       | 1 2 |  2.7
Dodging        | 3 4 |  4.0
Stealth        | 5 |  5.0
Spellcasting   | |  2.1
Hexes          | |  3.0

Action                   |  1- 3 |  4- 6 || total
-------------------------+-------+-------++-------
Melee: Dagger            |   180 |   231 ||   411
 Cast: Corona            |    30 |    20 ||    50
       Ensorcelled Hiber |     3 |    23 ||    26
  Use: Potion            |     1 |     6 ||     7
 Stab: Sleeping          |     1 |    14 ||    15
       Paralysed         |       |     1 ||     1
  Eat: Chunk             |    13 |     9 ||    22
Armor: Robe              |    19 |    11 ||    30
       Leather armour    |       |    19 ||    19
       Skin              |       |     5 ||     5
Dodge: Dodged            |   139 |   157 ||   296
